 Dungeon Crawl Stone Soup version 0.28-a0-803-g74956062c1 (webtiles) character file.

Game seed: 15135727761604136220

75 Conn the Firebug (level 4, -2/27 HPs)
             Began as an Octopode Fire Elementalist on Nov 7, 2021.
             Slain by Sigmund (10 damage)
             ... on level 2 of the Dungeon.
             The game lasted 00:03:53 (1688 turns).

Conn the Firebug (Octopode Fire Elementalist)       Turns: 1688, Time: 00:03:53

Health: -2/27      AC:  1    Str:  7    XL:     4   Next: 31%
Magic:  2/7        EV: 13    Int: 18    God:
Gold:   55         SH:  0    Dex: 12    Spells: 7/8 levels left

rFire   . . .      SeeInvis .   a - +0 dagger
rCold   . . .      Faith    .   (no shield)
rNeg    . . .      Spirit   .   (helmet restricted)
rPois   .          Reflect  .   (no amulet)
rElec   .          Harm     .   (no ring)
rCorr   .          Rampage  .   (no ring)
Will    .....                   (no ring)
Stlth   +++.......              (no ring)
HPRegen 0.00/turn               (no ring)
MPRegen 0.10/turn               (no ring)
                                (no ring)
                                (no ring)

@: flying, inhibited regen, unable to read
A: almost no armour, amphibious, 8 rings, camouflage 1, gelatinous body 1,
(nimble swimmer 1), tentacles, inhibited regeneration, inability to read while
threatened, devolution 1
a: no special abilities


You were on level 2 of the Dungeon.
You visited 1 branch of the dungeon, and saw 2 of its levels.

You collected 55 gold pieces.

Inventory:

Hand Weapons
 a - a +0 dagger (weapon)
Scrolls
 c - 2 scrolls of blinking {unknown}
 e - 4 scrolls of vulnerability {unknown}
 f - 4 scrolls of identify {unknown}
 h - a scroll of teleportation {unknown}
 i - a scroll of fear {unknown}


   Skills:
 + Level 0.4 Short Blades
 + Level 2.2 Dodging
 + Level 3.5 Stealth
 + Level 2.6 Spellcasting
 + Level 1.8 Conjurations
 + Level 3.7 Fire Magic


You had 7 spell levels left.
You knew the following spells:

 Your Spells              Type           Power      Damage    Failure   Level
a - Foxfire               Conj/Fire      48%        2x1d6     5%          1

Your spell library contained the following spells:

 Spells                   Type           Power      Damage    Failure   Level
 Scorch                   Fire           30%        2d6       5%          2
 Conjure Flame            Conj/Fire      12%        6-21      17%         3
 Inner Flame              Hex/Fire       9%         N/A       24%         3
 Flame Wave               Conj/Fire      12%        3d4       50%         4


Dungeon Overview and Level Annotations

Branches:
Dungeon (2/15)

Altars:
Elyvilon

Annotations:
D:2 Sigmund


Innate Abilities, Weirdness & Mutations

You cannot wear most types of armour.
You are amphibious.
You can wear up to eight rings at the same time.
Your skin changes colour to match your surroundings (Stealth+).
Your rubbery body absorbs attacks. (AC +1, EV +1)
((You are camouflaged near water. (Stealth+)))
You have tentacles for arms and can constrict up to eight enemies at once.
You do not regenerate when monsters are visible.
You sometimes lose the ability to read scrolls when taking damage.
You have hidden genetic defects.


Message History

Unknown command.
Casting: Foxfire (safe; 5% risk of failure)
Confirm with . or Enter, or press ? or * to list all spells.
You conjure some foxfire!
The foxfire hits something.
Something hits you.
The foxfire hits something.
Unknown command.
Casting: Foxfire (safe; 5% risk of failure)
Confirm with . or Enter, or press ? or * to list all spells.
You conjure some foxfire!
The foxfire hits something but does no damage. x2
Something hits you.
Unknown command.
Casting: Foxfire (safe; 5% risk of failure)
Confirm with . or Enter, or press ? or * to list all spells.
You conjure some foxfire!
The foxfire hits something but does no damage. x2
Unknown command.
Casting: Foxfire (safe; 5% risk of failure)
Confirm with . or Enter, or press ? or * to list all spells.
You conjure some foxfire!
The foxfire hits something but does no damage.
The foxfire hits something.
Something hits you!
* * * LOW HITPOINT WARNING * * *
Unknown command.
Your foxfire dissipates!
The foxfire hits something.
Okay, then.
It was a potion of mutation.
You feel extremely strange.
You feel a hidden malignance growing inside you.
Your regeneration stops near monsters.
You lose the ability to read scrolls when threatened.
You hear some strange, mumbled words.
Something tries to affect you, but you resist.
Unknown command.
Unknown command.
Casting: Foxfire (safe; 5% risk of failure)
Confirm with . or Enter, or press ? or * to list all spells.
You conjure some foxfire!
Something hits you!
You feel threatened and lose the ability to read scrolls!
You die...

#.#####..# ###
#........#
########.# #.# .
#.# ... #.#
#....
#####.#...##
#..........#
#v@........#
#v.........#
............[#
......##.....##
#.......########
#########
#############
#...........#
#..
#...........#


There were no monsters in sight!

Vanquished Creatures
  3 gnolls (D:2)
  An adder (D:2)
  A dart slug (D:1)
  5 ball pythons
  3 bats
  2 endoplasms (D:1)
  7 goblins
  3 hobgoblins
  2 kobolds (D:1)
  2 frilled lizards (D:1)
  5 rats
34 creatures vanquished.

Vanquished Creatures (others)
  90 foxfires
90 creatures vanquished.

Grand Total: 124 creatures vanquished

Notes
Turn   | Place    | Note
-------+----------+-------------------------------------------
     0 | D:1      | Conn the Octopode Fire Elementalist began the quest for the
                  | Orb.
     0 | D:1      | Reached XP level 1. HP: 11/11 MP: 3/3
   225 | D:1      | Reached XP level 2. HP: 13/17 MP: 0/5
   779 | D:1      | Found a faded altar of an unknown god.
  1029 | D:1      | Reached XP level 3. HP: 21/21 MP: 6/6
  1247 | D:2      | Found a white marble altar of Elyvilon.
  1419 | D:2      | Reached XP level 4. HP: 27/27 MP: 0/7
  1669 | D:2      | Noticed Sigmund
  1687 | D:2      | Gained mutation: You have hidden genetic defects. [potion
                  | of mutation]
  1687 | D:2      | Gained mutation: You do not regenerate when monsters are
                  | visible. [potion of mutation]
  1687 | D:2      | Gained mutation: You sometimes lose the ability to read
                  | scrolls when taking damage. [potion of mutation]
  1688 | D:2      | Slain by Sigmund

Illustrated notes

Levels and vault maps discovered:
D:1:      nicolae_arrival_washed_ashore, layout_basic,
          ebering_ecumenical_altar_rust, minivault_23
D:2:      layout_basic, basic_altar, uniq_sigmund

Skill      XL: |  1  2  3 |
---------------+----------+-----
Stealth        | 3 |  3.5
Short Blades   | |  0.4
Dodging        | |  2.2
Spellcasting   | |  2.6
Conjurations   | |  1.8
Fire Magic     | |  3.7

Action                   |  1- 3 |  4- 6 || total
-------------------------+-------+-------++-------
Melee: Dagger            |    20 |     4 ||    24
       Constrict         |     5 |     1 ||     6
       Tentacles         |     3 |     1 ||     4
 Cast: Foxfire           |    39 |    18 ||    57
  Use: Potion            |       |     3 ||     3
 Stab: Sleeping          |     5 |     1 ||     6
Armor: Skin              |     2 |       ||     2
Dodge: Dodged            |    21 |     2 ||    23

Table legend: (Time is in decaauts)
 A = Elapsed time spent in this place.
 B = Non-inter-level travel time spent in this place.
 C = Inter-level travel time spent in this place.
 D = Time resting spent in this place.
 E = Time spent auto-exploring this place.
 F = Levels seen in this place.
 G = Mean time per level.
                   A        B        C        D        E       F      G
               +--------+--------+--------+--------+--------+-----+--------+
         Total |   1687 |   1687 |      0 |      0 |   1288 |   2 |  843.5 |
       Dungeon |   1687 |   1687 |      0 |      0 |   1288 |   2 |  843.5 |
               +--------+--------+--------+--------+--------+-----+--------+

Top non-repeatable levels by time:
     D:1: 1192 daAuts
     D:2: 494 daAuts
